 Dungeon Crawl Stone Soup version 0.22-a0-605-g9281fa2 (webtiles) character file.

33 Goblin1989 the Ducker (level 3, -10/17 HPs)
             Began as a Felid Chaos Knight on July 8, 2018.
             Killed by nerve-wracking pain
             ... invoked by Jessica
              (11 damage)
             ... on level 2 of the Dungeon.
             The game lasted 00:02:48 (1277 turns).

Goblin1989 the Ducker (Felid Chaos Knight)          Turns: 1277, Time: 00:02:49

Health: -10/17     AC:  1    Str:  8    XL:     3   Next: 12%
Magic:  4/4        EV: 19    Int: 13    God:    Xom [......]
Gold:   99         SH:  0    Dex: 16    Spells: 2/2 levels left
                                        Lives:  0   Deaths: 0

rFire    . . .     SeeInvis +     - Unarmed
rCold    . . .     Gourm    .   (shield unavailable)
rNeg     . . .     Faith    .   (armour unavailable)
rPois    .         Spirit   .   (helmet unavailable)
rElec    .         Reflect  .   (cloak unavailable)
rCorr    .         Harm     .   (gloves unavailable)
MR       .....                  (boots unavailable)
Stlth    ++........             (no amulet)
HPRegen  0.05/turn              (no ring)
MPRegen  0.09/turn              (no ring)

@: quick
A: very small, no armour, no weapons or thrown items, stealth, claws 1, fangs 3,
see invisible, carnivore, speed 1, shaggy fur 1, slow metabolism 1, sharp paws
a: Renounce Religion


You were on level 2 of the Dungeon.
You worshipped Xom.
You were a very special plaything of Xom.
You were completely stuffed.

You visited 1 branch of the dungeon, and saw 2 of its levels.

You collected 99 gold pieces.

Inventory:

Scrolls
 g - 2 scrolls of noise {unknown}
 h - a scroll of identify {unknown}
Potions
 f - a potion of haste {unknown}
 i - 2 potions of curing {unknown}
Comestibles
 e - 3 rations


   Skills:
 + Level 3.2 Fighting
 + Level 3.6 Dodging
 + Level 1.7 Stealth
 * Level 3.5 Unarmed Combat


You had 2 spell levels left.
You didn't know any spells.
Your spell library was empty.

Dungeon Overview and Level Annotations

Branches:
Dungeon (2/15)

Altars:
Elyvilon

Annotations:
D:2 Jessica, Sigmund


Innate Abilities, Weirdness & Mutations

You cannot wear armour.
You are incapable of wielding weapons or throwing items.
Your paws allow you to move quietly. (Stealth)
You have sharp claws.
You have razor-sharp teeth.
You have supernaturally acute eyesight. (SInv)
You are carnivorous and can eat meat at any time.
You cover ground quickly.
You are covered in fur. (AC +1)
You have a slow metabolism.
Your sharp claws are effective at attacking unaware monsters.


Message History

You claw the gnoll!
The gnoll is almost dead.
The gnoll completely misses you.
You scratch the gnoll.
The gnoll is almost dead.
The gnoll hits you with a flail!
Ouch! That really hurt!
* * * LOW HITPOINT WARNING * * *
You take 7 damage, and have 7/14 hp.
MASSIVE DAMAGE!!
You scratch the gnoll.
You kill the gnoll!
You have reached level 3!
Your experience leads to an increase in your attributes!
Increase (S)trength, (I)ntelligence, or (D)exterity?
You feel agile.
You regained 2 hp, and now have 9/17 hp.
MP restored: 4 You start resting.
Eating one of 3 chunks of flesh.
You eat one of the 3 chunks of flesh.
This raw flesh tastes great.
HP restored.
Health restored: 17 You see here a flail.
All of the chunks of flesh in your inventory have rotted away.
Things that are here:
5 stones {@Q3}; a kobold corpse
Things that are here:
a whip; 4 stones {@Q3}; a kobold corpse The gnoll is too close now for your liking.
Unknown command.
You see here a throwing net {!d , @Q1}.
The gnoll shouts! x2
The gnoll misses you.
You closely miss the gnoll. You bite the gnoll.
The gnoll is lightly wounded.
The gnoll closely misses you.
You scratch the gnoll but do no damage.
The gnoll is lightly wounded. "Whee!"
Your surroundings suddenly seem different.
Your surroundings suddenly seem different.
A bat, a goblin and a kobold come into view.
Unknown command.
Unknown command.
You pounce on the unaware helpless kobold!
You scratch the kobold.
You kill the kobold!
The goblin shouts!
The bat closely misses you. The bat hits you.
You take 1 damage, and have 16/17 hp.
You scratch the bat.
You kill the bat!
Health restored: 17 You scratch the goblin.
The goblin is moderately wounded.
Sigmund the Dreaded comes into view.
He is wielding an antimagic scythe.
You miss the goblin.
The goblin is moderately wounded.
The goblin closely misses you.
Sigmund shouts!
You scratch the goblin.
You kill the goblin!
Sigmund casts a spell at you. The puff of flame hits you!
Ouch! That really hurt!
* * * LOW HITPOINT WARNING * * *
You take 13 damage, and have 4/17 hp.
MASSIVE DAMAGE!! "Where it stops, nobody knows!"
Your surroundings suddenly seem different.
Your surroundings seem slightly different.
A rat comes into view.
A rat and Jessica come into view.
You pounce on the unaware helpless rat!
You claw the rat!
You kill the rat!
You see here 13 gold pieces.
Jessica shouts!
You hear an angry hiss.
Unknown command.
As you open the door, it creaks loudly!
Found a white marble altar of Elyvilon.
A bat comes into view.
There is an open door here.
The bat hits you.
* * * LOW HITPOINT WARNING * * *
You take 1 damage, and have 4/17 hp.
You scratch the bat.
You kill the bat!
A kobold comes into view.
The rat closely misses you.
You claw the rat!
You kill the rat!
The kobold throws a stone.
The stone hits you.
* * * LOW HITPOINT WARNING * * *
Jessica looks very angry.
Jessica casts a spell at you.
You barely resist.
You take 3 damage, and have 1/17 hp.
Jessica points at you and mumbles some strange words.
Pain shoots through your body!
Ouch! That really hurt!
You die...
Xom guffaws! .. █. █. █████

█ █.█████...██████ █.
█.....█.█.......
...█..██.....⌂........
.......@....█=█.......
█████..█....[.........
██.█...@.(†.......
█.██▲████K███████ █ █.
█......█ █ ██ █.████@█
█ █.█ █.█ █K. █.█
.....█ ██.████r████


You could see Jessica and a kobold.

Vanquished Creatures
  A gnoll (D:2)
  A leopard gecko (D:1)
  2 goblins
  3 hobgoblins (D:1)
  5 bats
  8 kobolds
  3 rats
23 creatures vanquished.

Notes
Turn   | Place    | Note
-------+----------+-------------------------------------------
     0 | D:1      | Goblin1989 the Felid Chaos Knight began the quest for the Orb.
     0 | D:1      | Reached XP level 1. HP: 10/10 MP: 2/2
     5 | D:1      | XOM: divination: magic mapping
   591 | D:1      | Reached XP level 2. HP: 14/14 MP: 3/3
   618 | D:1      | Reached skill level 1 in Stealth
   632 | D:1      | XOM: 5-stop teleportation journey
  1061 | D:2      | Reached XP level 3. HP: 9/17 MP: 4/4
  1238 | D:2      | XOM: 2-stop teleportation journey
  1243 | D:2      | Noticed Sigmund
  1252 | D:2      | XOM: 2-stop teleportation journey
  1253 | D:2      | Noticed Jessica
  1264 | D:2      | Found a white marble altar of Elyvilon.
  1277 | D:2      | Killed from afar by Jessica

Vault maps used:
D:1:      lemuel_arrival_hallway
D:2:      tso_altar, lemuel_crystal_altar, lemuel_doored_altar, st_stairs_11,
          uniq_sigmund, uniq_jessica

Skill      XL: |  1  2 |
---------------+-------+-----
Stealth        | 1 |  1.7
Fighting       | |  3.2
Dodging        | |  3.6
Unarmed Combat | |  3.5

Action                   || total
-------------------------++-------
Melee: Unarmed           ||    48
       Bite              ||     1
 Stab: Sleeping          ||     7
  Eat: Chunk             ||     8
Armor: Skin              ||     3
Dodge: Dodged            ||    34

Table legend:
 A = Spawn XP
 B = Non-spawn XP
 C = Spawn XP percentage of total XP
 D = Spawn monster count
 E = Non-spawn monster count
 F = Spawn count percentage of total count
 G = Total turns spent on level
                    A         B        C        D         E        F      G
               +---------+---------+-------+---------+---------+-------+---------
         Total |       0 |      48 |   0.0 |       0 |      23 |   0.0 |  1277
               +---------+---------+-------+---------+---------+-------+---------
           D:1 |       0 |      23 |   0.0 |       0 |      14 |   0.0 |  1003
           D:2 |       0 |      25 |   0.0 |       0 |       9 |   0.0 |   274
               +---------+---------+-------+---------+---------+-------+---------

Vault maps used:
D:1:      lemuel_arrival_hallway
D:2:      tso_altar, lemuel_crystal_altar, lemuel_doored_altar, st_stairs_11,
          uniq_sigmund, uniq_jessica
